 Dungeon Crawl Stone Soup version 0.16.2-2-g470672f (webtiles) character file.

76 monobi the Skirmisher (level 4, -3/43 HPs)
             Began as a Naga Berserker on Sept 2, 2015.
             Was an Initiate of Nemelex Xobeh.
             Slain by a black bear (4 damage)
             ... created by the rage of Trog
             ... on level 2 of the Dungeon.
             The game lasted 00:15:36 (2502 turns).

monobi the Skirmisher (Naga Berserker)              Turns: 2502, Time: 00:15:44

Health: -3/43      AC:  2    Str: 19    XL:     4   Next: 32%
Magic:  4/4        EV:  5    Int:  8    God:    Nemelex Xobeh [......]
Gold:   108        SH: 11    Dex: 11    Spells: 0 memorised, 3 levels left

rFire  . . .     SeeInvis +     k - +3 dagger (speed)
rCold  . . .     Clarity  .     d - +0 robe
rNeg   . . .     SustAb   .     e - +0 large shield
rPois  +         Gourm    .     (no helmet)
rElec  .         Spirit   .     (no cloak)
rCorr  .         Warding  .     (no gloves)
rMut   .         Stasis   .     (no barding)
MR     .....                    (no amulet)
Stlth  ++........               (no ring)
                                (no ring)

@: very slow, not resistant to hostile enchantments, unstealthy
A: spit poison, see invisible, deformed body, poison resistance, slowness 2, AC
+1
a: Spit Poison, Renounce Religion


You were on level 2 of the Dungeon.
You worshipped Nemelex Xobeh.
Nemelex Xobeh was noncommittal.
You were hungry.

You visited 1 branch of the dungeon, and saw 2 of its levels.

You collected 108 gold pieces.

Inventory:

Hand weapons
 a - a +1 mace
 k - a +3 dagger of speed (weapon)
Missiles
 c - 5 tomahawks of dispersal
 h - a throwing net (quivered)
Armour
 b - a +0 animal skin
 d - a +0 robe (worn)
 e - a +0 large shield (worn)
 f - a +0 helmet
Jewellery
 m - a -6 ring of protection
 p - an uncursed ring of sustain abilities {unknown}
Scrolls
 o - 2 scrolls of remove curse
Miscellaneous
 g - a legendary deck of destruction {drawn: 6}
 l - a plain deck of war {drawn: 2}
Comestibles
 i - a meat ration
 j - a slice of pizza
 n - 2 fruits
 q - 5 chunks of flesh


   Skills:
 + Level 3.6 Fighting
 * Level 1.2 Short Blades
 - Level 3.1 Maces & Flails
 + Level 1.6 Armour
 + Level 2.3 Dodging
 + Level 1.6 Stealth
 + Level 0.4 Shields


You had 3 spell levels left.
You didn't know any spells.

Dungeon Overview and Level Annotations

Branches:
Dungeon (2/15)

Altars:
Nemelex Xobeh
The Shining One


Innate Abilities, Weirdness & Mutations

You cannot wear boots.
You can spit poison.
Your serpentine skin is tough (AC +1).
You have supernaturally acute eyesight.
Armour fits poorly on your strangely shaped body.
Your system is resistant to poisons.
You cover ground very slowly.


Message History

You block the black bear's attack. The polar bear bites your yaktaur.
The polar bear claws your yaktaur. x2
The polar bear bites your yaktaur!!
Your yaktaur dies!
Your yaktaur's corpse disappears in a puff of smoke!
The polar bear rages. x2
You block the black bear's attack. The black bear claws you.
The black bear barely misses you.
Evoke which item? (* to show all) (? for menu, Esc to quit)
You draw a card...
It is Pain.
You have drawn Pain.
Press: ? - help, Shift-Dir - straight line, f/p - polar bear
Aim: a polar bear (berserk, fast, unusually strong, durably summoned)
The polar bear convulses in agony!
The polar bear bites you!
* * * LOW HITPOINT WARNING * * *
You block the polar bear's attack. The polar bear claws you.
* * * LOW HITPOINT WARNING * * *
The black bear bites you.
You die...
Your body disappears without a glow.

.........#...........#######....(
####.###.#.###.#####.#...........
...#.# #.#...#.#.#####....)
##.#.# #.#.###.#.#####.....
...#.# #.#.....#...........
####.#########.#.###########.....
...#...........#h...)......#.....
##.#.#####.###.#h###.#####.#.....
#.#.#...#.# #.#@# #.#...#.#.....
#.#.###.#.# #.#h# #.#.###.#.#<#.
#.#.....#.# ..#h. #.#.....#.#.#.
#(#######.#########.##.####.#.#(
#.......#...........#.......#.#.
#######.#.#########.#.#####.#...
#.#.# #...#.#.#####.#### #.#.#
#.###.#........... #.#
#.....#......#####


You could see 3 polar bears and a black bear (berserk).

Vanquished Creatures
  Robin (D:2)
  2 adders (D:2)
  3 giant geckos
  An ooze (D:1)
  2 giant cockroaches
  7 goblins
  4 hobgoblins
  4 jackals (D:2)
  5 kobolds
  2 bats (D:1)
  3 giant newts (D:1)
  6 rats
40 creatures vanquished.

Vanquished Creatures (collateral kills)
  2 hobgoblins (D:2)
  4 goblins (D:2)
6 creatures vanquished.

Vanquished Creatures (others)
  A yaktaur (D:2)
1 creature vanquished.

Grand Total: 47 creatures vanquished

Notes
Turn   | Place    | Note
--------------------------------------------------------------
     0 | D:1      | monobi, the Naga Berserker, began the quest for the Orb.
     0 | D:1      | Reached XP level 1. HP: 21/21 MP: 1/1
   337 | D:1      | Reached XP level 2. HP: 22/28 MP: 2/2
  1379 | D:2      | Found a sparkling altar of Nemelex Xobeh.
  1383 | D:2      | Fell from the grace of Trog
  1383 | D:2      | Became a worshipper of Nemelex Xobeh the Trickster
  1403 | D:2      | Found a glowing golden altar of the Shining One.
  1463 | D:2      | Reached XP level 3. HP: 14/34 MP: 3/3
  1709 | D:2      | Reached skill level 1 in Short Blades
  1709 | D:2      | Reached skill level 1 in Stealth
  2103 | D:2      | Received a gift from Nemelex Xobeh
  2103 | D:2      | Received a gift from Nemelex Xobeh
  2156 | D:2      | Noticed Robin
  2180 | D:2      | Killed Robin
  2180 | D:2      | Reached XP level 4. HP: 30/43 MP: 4/4
  2499 | D:2      | Noticed a polar bear
  2499 | D:2      | Noticed a black bear
  2499 | D:2      | Noticed a polar bear
  2499 | D:2      | Noticed a black bear
  2499 | D:2      | Noticed a polar bear
  2502 | D:2      | HP: 1/43 [polar bear[the rage of Trog] (5)]
  2502 | D:2      | Slain by a black bear

Action                   |  1- 3 |  4- 6 || total
-------------------------+-------+-------++-------
Melee: Mace              |    55 |       ||    55
       Dagger            |    69 |    35 ||   104
Invok: Berserk           |     1 |       ||     1
Evoke: Deck              |     3 |     5 ||     8
  Use: Scroll            |     4 |       ||     4
       Potion            |     3 |       ||     3
 Stab: Sleeping          |     1 |       ||     1
  Eat: Bread ration      |     1 |       ||     1
       Chunk             |       |     1 ||     1
